[Event "Fagernes Open 2021"]
[Site "Fagernes"]
[Date "2021.10.10"]
[Round "1.1"]
[White "Eiding, Amanda Mai Irgens"]
[Black "Dulman, Egmond-Gabriel"]
[Result "0-1"]
[ECO "B04"]
[WhiteElo "1639"]
[BlackElo "2065"]
[Annotator "ChessBase"]
[PlyCount "78"]
[EventDate "2021.10.10"]
[EventCountry "NOR"]
[SourceTitle "playchess.com"]
[Source "ChessBase"]
[SourceQuality "1"]
[TimeControl "40/5400+30:1800+30"]

1. e4 Nf6 2. e5 Nd5 3. c4 Nb6 4. d4 d6 5. exd6 cxd6 6. Nc3 g6 7. Be2 Bg7 8. Nf3 O-O 9. O-O Nc6 10. Be3 Bg4 11. b3 d5 12. c5 Nc8 13. h3 Bxf3 14. Bxf3 e6 15. Qd2 N8e7 16. Rad1 Nf5 17. Ne2 Nh4 18. Bg4 h5 19. Bg5 Bf6 20. Bxh4 Bxh4 21. Bf3 Bf6 22. Qe3 Kg7 23. Nc3 Bg5 24. Qd3 Qf6 25. Nb5 Rad8 26. Nd6 b6 27. g3 bxc5 28. dxc5 Ne5 29. Qe2 Nxf3+ 30. Kg2 Nd4 31. Qd3 Nf5 32. f4 Bh6 33. Nb7 Rb8 34. c6 d4 35. Rc1 Ne3+ 36. Kf2 Nxf1 37. Kxf1 h4 38. Nd6 hxg3 39. Rc2 Qxf4+ 0-1

[Event "Fagernes Open 2021"]
[Site "Fagernes"]
[Date "2021.10.10"]
[Round "1.2"]
[White "Krivenko, Dion"]
[Black "Bronmo, Askild Skovgaard"]
[Result "1-0"]
[ECO "B31"]
[WhiteElo "2045"]
[BlackElo "1637"]
[Annotator "ChessBase"]
[PlyCount "53"]
[EventDate "2021.10.10"]
[EventCountry "NOR"]
[SourceTitle "playchess.com"]
[Source "ChessBase"]
[SourceQuality "1"]
[TimeControl "40/5400+30:1800+30"]

1. e4 c5 2. Nf3 Nc6 3. Bb5 g6 4. O-O Bg7 5. Re1 e6 6. c3 Nge7 7. d4 cxd4 8. cxd4 O-O 9. d5 Ne5 10. Nc3 Nxf3+ 11. Qxf3 e5 12. d6 Nc6 13. Be3 a6 14. Bc4 b5 15. Bb3 Na5 16. Nd5 Nxb3 17. axb3 Bb7 18. Bb6 Qg5 19. Be3 Qd8 20. Ne7+ Kh8 21. Qg4 Bf6 22. Bg5 Bxg5 23. Qxg5 Kg7 24. Qxe5+ f6 25. Qg3 Qb6 26. h4 Qd4 27. Nf5+ 1-0

[Event "Fagernes Open 2021"]
[Site "Fagernes"]
[Date "2021.10.10"]
[Round "1.3"]
[White "Grindbakken, Erik"]
[Black "Hausken, Andreas Skrede"]
[Result "0-1"]
[ECO "C78"]
[WhiteElo "1632"]
[BlackElo "1936"]
[Annotator "ChessBase"]
[PlyCount "48"]
[EventDate "2021.10.10"]
[EventCountry "NOR"]
[SourceTitle "playchess.com"]
[Source "ChessBase"]
[SourceQuality "1"]
[TimeControl "40/5400+30:1800+30"]

1. e4 e5 2. Nf3 Nc6 3. Bb5 a6 4. Ba4 Nf6 5. O-O b5 6. Bb3 Bc5 7. Nxe5 Nxe5 8. d4 Bxd4 9. Qxd4 d6 10. c3 Be6 11. Bc2 c5 12. Qd1 Qb6 13. Re1 O-O 14. Bg5 Qd8 15. Bxf6 Qxf6 16. Qxd6 Qg5 17. Qd1 Bh3 18. g3 Bg4 19. Qc1 Nf3+ 20. Kg2 Qh5 21. h4 Nxh4+ 22. gxh4 Bf3+ 23. Kf1 Qxh4 24. Kg1 Qh1# 0-1

[Event "Fagernes Open 2021"]
[Site "Fagernes"]
[Date "2021.10.10"]
[Round "1.4"]
[White "Johannessen, Heine N"]
[Black "Lang, Gusztav"]
[Result "1-0"]
[ECO "E11"]
[WhiteElo "1930"]
[BlackElo "1840"]
[Annotator "ChessBase"]
[PlyCount "59"]
[EventDate "2021.10.10"]
[EventCountry "NOR"]
[SourceTitle "playchess.com"]
[Source "ChessBase"]
[SourceQuality "1"]
[TimeControl "40/5400+30:1800+30"]

1. d4 Nf6 2. Nf3 e6 3. c4 Bb4+ 4. Bd2 Bxd2+ 5. Qxd2 O-O 6. Nc3 d5 7. e3 b6 8. cxd5 exd5 9. Bd3 Bb7 10. O-O Nbd7 11. Rac1 h6 12. Nb5 Ne4 13. Qc2 c6 14. Nc3 Nxc3 15. Qxc3 c5 16. Rfd1 c4 17. Bb1 Qe7 18. Qc2 g6 19. h4 b5 20. h5 Qe4 21. hxg6 fxg6 22. Nh4 Qxc2 23. Bxc2 g5 24. Nf5 Rf6 25. f3 b4 26. e4 dxe4 27. fxe4 Ra6 28. Bb1 Nf6 29. e5 Ng4 30. Rxc4 1-0

[Event "Fagernes Open 2021"]
[Site "Fagernes"]
[Date "2021.10.10"]
[Round "1.5"]
[White "Bø, Torgeir Haraldstad"]
[Black "Unhjem, Bjorn Robert Lovoll"]
[Result "0-1"]
[ECO "D02"]
[WhiteElo "1613"]
[BlackElo "1924"]
[Annotator "ChessBase"]
[PlyCount "70"]
[EventDate "2021.10.10"]
[EventCountry "NOR"]
[SourceTitle "playchess.com"]
[Source "ChessBase"]
[SourceQuality "1"]
[TimeControl "40/5400+30:1800+30"]

1. d4 Nf6 2. Nf3 e6 3. Bf4 d5 4. c3 c5 5. e3 Qb6 6. Qc2 Bd7 7. Nbd2 Bb5 8. Bxb5+ Qxb5 9. e4 Be7 10. O-O-O O-O 11. g4 Nc6 12. Ng5 cxd4 13. e5 d3 14. Qb1 Nd4 15. Rhe1 Nxg4 16. Ndf3 Nxf3 17. Nxf3 Nxf2 18. Rd2 Bc5 19. Bg3 Qb6 20. Rxd3 Nxd3+ 21. Qxd3 Qa6 22. Qc2 Be7 23. Kb1 Qc4 24. Nd4 Rfc8 25. Qg2 Qd3+ 26. Nc2 b5 27. Rg1 Qe4 28. Qd2 b4 29. Bf4 bxc3 30. bxc3 Rab8+ 31. Kc1 Rxc3 32. Bh6 Ba3+ 33. Kd1 Rb1+ 34. Qc1 Rd3+ 35. Bd2 Rxc1# 0-1

[Event "Fagernes Open 2021"]
[Site "Fagernes"]
[Date "2021.10.10"]
[Round "1.6"]
[White "Kittilsen, Sigurd"]
[Black "Evenshaug, Amadeus Hestvik"]
[Result "1/2-1/2"]
[ECO "B43"]
[WhiteElo "1881"]
[BlackElo "1609"]
[Annotator "NA RC"]
[PlyCount "117"]
[EventDate "2021.10.10"]
[EventCountry "NOR"]
[SourceTitle "playchess.com"]
[Source "ChessBase"]
[SourceQuality "1"]
[TimeControl "40/5400+30:1800+30"]

1. e4 c5 2. Nf3 e6 3. d4 cxd4 4. Nxd4 a6 5. Nc3 Qc7 6. Be3 Nf6 7. Bd3 Nc6 8. O-O Be7 9. f4 d6 10. Qf3 O-O 11. h3 e5 (11... b5 $11) 12. Nde2 exf4 13. Nxf4 Ne5 14. Qe2 Be6 15. Ncd5 Bxd5 16. Nxd5 Nxd5 17. exd5 Nxd3 18. Qxd3 Rac8 19. c3 Qc4 20. Qxc4 Rxc4 21. Bd4 Bh4 22. Rf3 Re8 23. Raf1 Rc7 24. g3 Bg5 25. h4 Bd8 26. Kg2 Re2+ 27. R1f2 Rxf2+ 28. Kxf2 Re7 29. Re3 f5 30. Rxe7 Bxe7 31. a4 b5 $2 {[%emt 0:01:20] [#]} (31... Kf7 $11) 32. b3 $2 ({White must play} 32. a5 $1 $18) 32... Kf7 33. Ke3 g5 34. h5 Ke8 35. axb5 axb5 36. Kd3 Kd7 37. c4 bxc4+ 38. Kxc4 Kc7 39. Kb5 Kb7 40. Ka5 Bd8+ 41. Kb5 Be7 42. Bg7 f4 43. gxf4 gxf4 44. Kc4 Ka6 45. Bb2 Bh4 46. Kd3 f3 47. Ke3 f2 48. Ke2 Kb5 49. Ba3 Bg3 50. Kf1 Ka5 51. Kg2 Kb5 52. Kf1 Ka5 53. Bxd6 Bxd6 54. Kxf2 Kb4 55. Ke3 Kxb3 56. Ke4 Kc4 57. h6 Kc5 58. Kf5 Bf8 59. Ke5 $11 1/2-1/2

[Event "Fagernes Open 2021"]
[Site "Fagernes"]
[Date "2021.10.10"]
[Round "1.7"]
[White "Stenseng, Benjamin"]
[Black "Dahl, Torbjorn"]
[Result "0-1"]
[ECO "A22"]
[WhiteElo "1590"]
[BlackElo "1876"]
[Annotator "NA RC"]
[PlyCount "116"]
[EventDate "2021.10.10"]
[EventCountry "NOR"]
[SourceTitle "playchess.com"]
[Source "ChessBase"]
[SourceQuality "1"]
[TimeControl "40/5400+30:1800+30"]

1. c4 e5 2. g3 Nf6 3. Bg2 Nc6 4. Nc3 Bc5 5. e3 O-O 6. Nge2 a6 7. O-O d6 8. a3 Ba7 9. Qc2 Bg4 10. b4 Qd7 11. b5 (11. Re1 $11) 11... axb5 12. cxb5 Nd8 (12... Na5 $15) 13. Re1 c6 14. a4 Rc8 (14... d5 $15 15. d4 exd4 16. exd4 Bf5) 15. Qb3 (15. d4 $11) 15... Ne6 16. b6 Bb8 17. d4 ({White should play} 17. f3 $15 Nc5 18. Qc2) 17... Ng5 18. e4 Nf3+ 19. Bxf3 Bxf3 20. dxe5 dxe5 ({Stronger than} 20... Nxe4 21. Nd4 $11) 21. Nd1 Bxe4 22. f3 Bd5 23. Qc3 (23. Qd3 {is a better defense.}) 23... Qf5 24. Rf1 Bd6 25. Ba3 Bxa3 26. Rxa3 Rfe8 27. a5 Nd7 28. Ne3 Qe6 29. Qb4 Nb8 30. Nc3 ({White should try} 30. Rd3) 30... Na6 31. Qh4 Qd6 32. Ra4 Qc5 33. Ncd1 Bb3 34. Rg4 g6 ({And not} 34... Bxd1 35. Rxg7+ Kxg7 36. Qg5+ Kh8 37. Qf6+ {[%mdl 64] Double Attack} Kg8 38. Qg5+ Kh8 39. Qf6+ {[%mdl 64] Double Attack} Kg8 40. Qg5+ Kh8 $11) 35. Qh6 Rcd8 36. Kg2 (36. Nf2 $142 Qf8 37. Qxf8+ Kxf8 38. Rh4) 36... Qf8 37. Qg5 $2 (37. Qxf8+ Rxf8 38. Nb2) 37... f6 38. Qh5 Be6 39. Nf5 Kh8 40. Rxg6 Bxf5 41. Rh6 {[%emt 0:30:33] [#]} Qg7 $1 42. Ne3 Bg6 43. Qh4 Rd2+ 44. Kh1 Red8 45. f4 Be4+ 46. Kg1 R8d3 47. Re1 exf4 48. Qxf4 Bg6 49. Nf5 Qf8 $2 ({Black should play} 49... Qf7 $19 50. Qg4 Rd8) 50. Rxg6 $2 Rd1 ({Weaker is} 50... hxg6 {[#]} 51. Re8 $3 Rd1+ 52. Kg2 R3d2+ 53. Kh3 Rxh2+ 54. Kxh2 g5 55. Rxf8+ Kh7 56. Rf7+ Kh8 57. Qf3) 51. Rxd1 Rxd1+ 52. Kg2 hxg6 53. Qh4+ Kg8 54. Qc4+ Rd5 {[%emt 0:00:00] Double Attack} 55. Ne3 Qc5 56. Qe4 Rd2+ 57. Kg1 Kf7 58. h4 Re2 $19 0-1

[Event "Fagernes Open 2021"]
[Site "Fagernes"]
[Date "2021.10.10"]
[Round "1.8"]
[White "Edvardsen, Ragnar"]
[Black "Carlin, Tormod"]
[Result "1-0"]
[ECO "D11"]
[WhiteElo "1865"]
[BlackElo "1554"]
[Annotator "NA RC"]
[PlyCount "119"]
[EventDate "2021.10.10"]
[EventCountry "NOR"]
[SourceTitle "playchess.com"]
[Source "ChessBase"]
[SourceQuality "1"]
[TimeControl "40/5400+30:1800+30"]

1. d4 d5 2. Nf3 Nf6 3. g3 Bf5 4. Bg2 e6 5. O-O Bd6 6. b3 O-O 7. Bb2 Nbd7 8. c4 c6 9. Nbd2 h6 10. h3 Qb8 11. Nh4 Bh7 12. Re1 g5 13. Nhf3 Ne4 14. Nxe4 Bxe4 (14... dxe4 $15 15. Nd2 e3 16. fxe3 Bxg3) 15. Nd2 Bxg2 16. Kxg2 f5 17. e3 Nf6 18. f4 (18. Nf3 $11) 18... Kh7 19. Nf3 gxf4 (19... Rg8 $19 {has better winning chances.} 20. Ne5 Ne4) 20. exf4 Ne4 21. Ne5 Bxe5 22. dxe5 Qc7 23. cxd5 cxd5 24. Rc1 Qg7 25. Re3 Rac8 26. Qe1 Rxc1 27. Qxc1 Qd7 28. Bd4 Rc8 29. Qd1 b6 30. Qd3 Rc1 ({Black should play} 30... h5 $17 31. Kh2 Qc6) 31. Bb2 Rc6 32. Re2 Qc7 33. Bd4 Qc8 34. Bb2 Qc7 35. Bd4 Qc8 36. Bb2 a6 37. Bd4 b5 38. Kh2 b4 39. g4 fxg4 40. hxg4 Qd8 41. Qh3 Qf8 42. Qf3 Qc8 43. Qd3 Rc1 44. Bb2 Rc7 45. Rg2 Rf7 46. f5 exf5 47. Qxd5 Ng5 48. Rf2 f4 (48... Rd7 $11 49. Qg2 Rd3 50. gxf5 Qd7) 49. Qd3+ Kg8 50. Qg6+ (50. e6 $5 Nxe6 51. Qg6+ Ng7 {[#]} 52. Rxf4 $1 $14) 50... Rg7 51. Qf5 Qc5 $2 {[%emt 0:00:00] [#]} ({Black should play} 51... Qc6 $14) 52. Rc2 $1 Nf3+ 53. Kh3 Ng5+ 54. Kh4 Nf3+ 55. Kh5 Qf8 56. Qxf8+ Kxf8 57. Rc8+ Kf7 $2 (57... Ke7 58. Rc7+ Kf8 59. Rxg7 Kxg7 60. e6+ Kf8) 58. e6+ {[%emt 0:00:00] Discovered Attack} Kxe6 $18 59. Bxg7 Nh2 60. Bxh6 1-0

[Event "Fagernes Open 2021"]
[Site "Fagernes"]
[Date "2021.10.10"]
[Round "1.9"]
[White "Langvik, Ulrikke"]
[Black "Kreken, Eivind Grunt"]
[Result "0-1"]
[ECO "B13"]
[WhiteElo "1542"]
[BlackElo "1838"]
[Annotator "NA"]
[PlyCount "70"]
[EventDate "2021.10.10"]
[EventCountry "NOR"]
[SourceTitle "playchess.com"]
[Source "ChessBase"]
[SourceQuality "1"]
[TimeControl "40/5400+30:1800+30"]

1. d4 Nf6 2. Nf3 c5 3. e3 g6 4. Bd3 Bg7 5. O-O O-O 6. Nbd2 cxd4 7. exd4 Nc6 8. c3 d5 9. Re1 Bf5 10. Bxf5 gxf5 11. Ne5 Nxe5 12. dxe5 Ne4 13. Nxe4 dxe4 14. Qh5 Qd7 15. Bh6 Bxh6 16. Qxh6 Rad8 17. h3 Qe6 18. Qxe6 fxe6 19. Rad1 Rd5 20. Rd4 (20. c4 $11 Rc5 21. b3) 20... Rxe5 21. Rd7 Rb5 22. b3 Kf7 23. Kf1 Ra5 24. Rxb7 Rxa2 25. c4 $2 {[%emt 0:02:14] [#]} (25. Re2 $17 Ra3 26. Rd2) 25... Rd8 $1 26. c5 Rdd2 27. c6 Rxf2+ 28. Kg1 Rxg2+ 29. Kh1 Rh2+ 30. Kg1 Rag2+ 31. Kf1 Rc2 32. Kg1 Rxh3 33. c7 Rhc3 34. Rxa7 Rxc7 35. Rxc7 Rxc7 $19 0-1

[Event "Fagernes Open 2021"]
[Site "Fagernes"]
[Date "2021.10.10"]
[Round "1.10"]
[White "Pedersen, Max Moe"]
[Black "Lie, Terje"]
[Result "1-0"]
[ECO "D38"]
[WhiteElo "1837"]
[BlackElo "1522"]
[Annotator "NA"]
[PlyCount "75"]
[EventDate "2021.10.10"]
[EventCountry "NOR"]
[SourceTitle "playchess.com"]
[Source "ChessBase"]
[SourceQuality "1"]
[TimeControl "40/5400+30:1800+30"]

1. d4 Nf6 2. c4 e6 3. Nf3 d5 4. Nc3 Bb4 5. cxd5 Bxc3+ 6. bxc3 Nxd5 7. e4 Ne7 8. Bd3 b6 9. O-O Bb7 10. Bg5 Nd7 11. a4 O-O 12. Qb3 h6 13. Bh4 Re8 14. a5 Qb8 $2 (14... Nc5 $14 15. Qc2 Nxd3 16. Qxd3 f6) 15. Bg3 (15. a6 $18 {and White stays clearly on top.}) 15... Qd8 16. a6 Bc8 (16... Bc6 $16 {was necessary.}) 17. Bh4 Nf8 18. Ne5 f6 19. Nf3 Kh8 20. Bg3 Nc6 21. Rfe1 Bd7 22. Qc2 Rc8 23. Bf4 (23. d5 $16 Na5 24. c4) 23... Ne7 24. Qd2 g5 25. Be3 Kg7 26. h4 Nfg6 27. e5 Nd5 $2 (27... f5 28. hxg5 h5) 28. exf6+ Qxf6 29. hxg5 hxg5 30. Bxg5 Qf7 31. Bh6+ Kg8 32. Ne5 Nxe5 33. Rxe5 Kh8 34. Qg5 Rg8 $18 35. Qh4 Nf6 36. Bg5+ Nh7 37. Bf6+ Rg7 38. Qxh7# 1-0

[Event "Fagernes Open 2021"]
[Site "Fagernes"]
[Date "2021.10.10"]
[Round "1.11"]
[White "Smedsrud, Morten S"]
[Black "Fredriksen, Jan Gunnar"]
[Result "0-1"]
[ECO "B06"]
[WhiteElo "1503"]
[BlackElo "1835"]
[Annotator "NA"]
[PlyCount "60"]
[EventDate "2021.10.10"]
[EventCountry "NOR"]
[SourceTitle "playchess.com"]
[Source "ChessBase"]
[SourceQuality "1"]
[TimeControl "40/5400+30:1800+30"]

1. e4 c5 2. Nc3 g6 3. d4 Bg7 4. Be3 cxd4 5. Bxd4 Nf6 6. f3 O-O 7. Qd2 Nc6 8. Be3 Re8 9. g4 d6 10. h4 h5 11. gxh5 Nxh5 12. Nge2 {[%emt 0:04:22] [#]} (12. O-O-O $15) 12... Ne5 $1 13. Nd4 Bd7 $2 ({Black should try} 13... Ng3 $17 14. Rh2 Qb6) 14. O-O-O Rc8 15. Be2 Nc4 16. Bxc4 Rxc4 17. f4 (17. Rhg1 $14) 17... Qa5 18. f5 Rec8 $1 19. fxg6 fxg6 20. Nb3 (20. Rhg1 $15 Be8 21. Nd5 Qxa2 22. c3) 20... Bxc3 21. Nxa5 Bxd2+ 22. Rxd2 Rxe4 23. Bg5 Ng3 24. Rhd1 Bg4 25. Rg1 Ne2+ 26. Rxe2 Bxe2 27. Nxb7 Bd3 28. c3 Re2 29. h5 $19 (29. Bd2 $142) 29... Rc2+ 30. Kd1 Rxb2 0-1

[Event "Fagernes Open 2021"]
[Site "Fagernes"]
[Date "2021.10.10"]
[Round "1.13"]
[White "Hellesoy, David"]
[Black "Lye, Sigurd"]
[Result "1/2-1/2"]
[ECO "B30"]
[WhiteElo "1500"]
[BlackElo "1821"]
[Annotator "NA"]
[PlyCount "65"]
[EventDate "2021.10.10"]
[EventCountry "NOR"]
[SourceTitle "playchess.com"]
[Source "ChessBase"]
[SourceQuality "1"]
[TimeControl "40/5400+30:1800+30"]

1. e4 c5 2. Nf3 Nc6 3. b4 cxb4 4. d4 e6 5. d5 Qf6 6. c3 Ne5 7. Be2 Nxf3+ 8. Bxf3 bxc3 9. Qb3 Bc5 10. Nxc3 a6 (10... Ne7 $11) 11. Bb2 e5 12. O-O Ne7 13. Na4 (13. Ba3 $14 Bd6 14. Rab1) 13... Ba7 $1 14. d6 Qxd6 15. Rfd1 Qf6 (15... Qe6 $1 $15) 16. Ba3 b5 17. Rd6 bxa4 18. Qd1 Bxf2+ 19. Kxf2 Qh4+ 20. Kg1 f5 21. exf5 Rb8 22. Qe2 O-O {[%emt 0:06:50] [#]} 23. g4 $2 ({Only move:} 23. Rf1 $1 $18) 23... Nc6 24. Rxc6 dxc6 25. Bxf8 Kxf8 26. Qxe5 Rb7 27. Rd1 Qe7 28. Qc3 Rc7 $11 29. Re1 Qd6 30. Rd1 Qe7 31. Re1 Qd6 32. Rd1 Qe7 33. Re1 1/2-1/2

[Event "Fagernes Open 2021"]
[Site "Fagernes"]
[Date "2021.10.10"]
[Round "1.14"]
[White "Amundsen, Ask"]
[Black "Johnsen, Ole Jacob"]
[Result "1-0"]
[ECO "B84"]
[WhiteElo "1816"]
[BlackElo "1483"]
[Annotator "NA"]
[PlyCount "73"]
[EventDate "2021.10.10"]
[EventCountry "NOR"]
[SourceTitle "playchess.com"]
[Source "ChessBase"]
[SourceQuality "1"]
[TimeControl "40/5400+30:1800+30"]

1. e4 c5 2. Nf3 d6 3. d4 cxd4 4. Nxd4 Nf6 5. Nc3 a6 6. Be3 e6 7. Be2 Be7 8. Qd2 Qc7 9. O-O-O Nc6 10. g4 Nxd4 11. Bxd4 e5 12. Be3 Be6 13. g5 ({Better is} 13. f4 $16) 13... Nd7 (13... Nxe4 $1 $11 14. Nxe4 d5) 14. h4 Nb6 15. h5 (15. f4 $142) 15... Nc4 16. Bxc4 Qxc4 17. Rdg1 ({Better is} 17. f4 $16) 17... Rc8 18. f3 b5 19. Kb1 b4 20. Nd5 Bxd5 21. exd5 a5 $1 22. g6 ({White should try} 22. Rg4 $16 Qb5 23. f4) 22... hxg6 23. hxg6 Rxh1 24. gxf7+ Kxf7 25. Rxh1 a4 26. Qh2 Bf6 27. Qh5+ Ke7 $2 (27... g6 $1 $11 {and Black has nothing to worry.} 28. Qh7+ (28. Qh3 Qxc2+ 29. Ka1 Qf5 $15) 28... Bg7) 28. Qf5 Kf7 29. Qe6+ Kg6 30. Rg1+ Kh7 31. Qf5+ ({Worse is} 31. Qxd6 Qxc2+ 32. Ka1 Rc4 $17) 31... Kg8 {[%emt 0:01:58] [#]} 32. Qxf6 $1 Qxc2+ 33. Ka1 Rc7 34. Bh6 g6 $2 (34... Qd1+ $18 35. Rxd1 gxf6 36. Rg1+ Kh7) 35. Rxg6+ Kh7 36. Rg7+ Rxg7 37. Qxg7# 1-0

[Event "Fagernes Open 2021"]
[Site "Fagernes"]
[Date "2021.10.10"]
[Round "1.15"]
[White "Dybvik, Bjorn Noralf"]
[Black "Sekkingstad, Thomas"]
[Result "0-1"]
[ECO "D00"]
[WhiteElo "1458"]
[BlackElo "1812"]
[Annotator "NA"]
[PlyCount "86"]
[EventDate "2021.10.10"]
[EventCountry "NOR"]
[SourceTitle "playchess.com"]
[Source "ChessBase"]
[SourceQuality "1"]
[TimeControl "40/5400+30:1800+30"]

1. d4 d5 2. e3 Nf6 3. Bd3 c5 4. c3 Nc6 5. f4 c4 6. Bc2 b5 7. Nd2 Bg4 8. Ngf3 e6 9. O-O Be7 10. Qe1 Bf5 11. Bxf5 (11. e4 $11 dxe4 12. Nxe4) 11... exf5 12. Ne5 Qc8 13. Qg3 g6 14. Qf3 a5 15. b3 (15. a4 $11) 15... b4 (15... O-O $17) 16. Bb2 (16. Ndxc4 $11 dxc4 17. Qxc6+ (17. Nxc6 Ne4 $11) 17... Qxc6 18. Nxc6) 16... a4 17. Nxc6 ({Better is} 17. cxb4 $1 $15 Bxb4 18. Ndxc4 dxc4 19. Qxc6+ Qxc6 20. Nxc6) 17... Qxc6 18. Nxc4 bxc3 19. Ne5 ({Reject} 19. Bxc3 Ne4) 19... Qc7 20. Rac1 Ne4 21. Qe2 O-O 22. Rc2 (22. bxa4 {was worth a try.} Rxa4 23. Ba1) 22... axb3 23. axb3 Ra2 24. Bc1 Rxc2 25. Qxc2 Qb7 26. Nd3 Qb5 27. Nf2 Bb4 28. Nxe4 fxe4 29. f5 Ra8 30. f6 $2 (30. Qf2 Qd7 31. fxg6 hxg6 32. h4) 30... Ra1 31. Qf2 Bd6 32. Qh4 Qxf1+ 33. Kxf1 Rxc1+ 34. Ke2 Ra1 $2 ({Black should play} 34... Rc2+ $19 35. Kf1 Rd2) 35. Qg4 Ra2+ (35... Ra8 $5 36. Qd7 $8 Ra2+ 37. Ke1 Ra1+ 38. Kf2 Ra2+ 39. Ke1 Ra1+ 40. Kf2 Ra2+ 41. Ke1 $11) 36. Ke1 Ra8 37. Qd7 Bb4 38. Kd1 $2 (38. Qc6 $16 Ra1+ 39. Kf2) 38... Ra1+ 39. Kc2 Ra2+ 40. Kb1 c2+ 41. Kxa2 c1=Q $19 42. Qd8+ Bf8 43. Qxd5 Qxe3 0-1

[Event "Fagernes Open 2021"]
[Site "Fagernes"]
[Date "2021.10.10"]
[Round "1.16"]
[White "Eriksen, Olai Dyrhaug"]
[Black "Velagapudi, Vihan"]
[Result "1-0"]
[ECO "E18"]
[WhiteElo "1809"]
[BlackElo "1444"]
[Annotator "NA RC"]
[PlyCount "115"]
[EventDate "2021.10.10"]
[EventCountry "NOR"]
[SourceTitle "playchess.com"]
[Source "ChessBase"]
[SourceQuality "1"]
[TimeControl "40/5400+30:1800+30"]

1. d4 d5 2. c4 e6 3. g3 Nf6 4. Bg2 Be7 5. Nf3 O-O 6. O-O Nbd7 7. Nc3 b6 8. cxd5 exd5 9. Ne5 Bb7 10. Qa4 Nxe5 11. dxe5 Ne8 12. Rd1 c6 13. e4 Nc7 14. exd5 cxd5 15. Qb3 Bc5 16. Nxd5 Nxd5 17. Bxd5 Bxd5 18. Rxd5 Qe7 19. Bf4 g5 20. Bd2 Rad8 21. Bc3 Rxd5 22. Qxd5 Rd8 23. Qe4 Qe6 24. a4 a5 25. Re1 Rd5 26. h4 h6 (26... gxh4 $16 {keeps fighting.} 27. gxh4 Qg6+ 28. Kf1 Rd8) 27. hxg5 hxg5 28. Kg2 Rd7 29. f3 Bf8 30. Rh1 Bg7 31. Qa8+ Bf8 32. Qe4 $2 (32. Rh5 $18 f6 33. exf6 Qe2+ 34. Kh3 Qe6+ 35. g4) 32... Bg7 33. Rh5 Bh6 34. g4 Kg7 35. Qf5 Rd1 36. Rh1 Rd5 37. Re1 Kf8 38. Re4 Ke7 39. Qf6+ Kd7 40. Qh8 Qg6 41. e6+ fxe6 42. Rc4 Rc5 43. Rxc5 bxc5 44. Kg3 (44. Bxa5 $142 Bg7 45. Qd8+ Kc6 46. Qc7+ Kd5 47. Qd7+ Kc4 48. Qb5+ Kd5 49. Qb7+ Kc4 50. b3+ Kd3 51. Qb5+ Kc2 52. Bb6) 44... Qb1 {[%emt 0:01:10] [#]} 45. Kf2 $1 ({Not} 45. Qxh6 $2 Qg1+ 46. Kh3 Qh1+ {[%mdl 64] Double Attack} 47. Kg3 Qxh6 $19) 45... Qc2+ 46. Ke3 ({Much less strong is} 46. Kg3 $6 Qd1 $18) 46... Qg6 $18 (46... Qc1+ 47. Ke2 (47. Bd2 Qg1+ 48. Kd3 Qf1+ 49. Kc2 Qc4+ {[%mdl 64] Double Attack} 50. Qc3 Qxa4+ 51. b3 Qa2+ 52. Qb2 Qxb2+ 53. Kxb2 Bg7+ 54. Kc2 Bf6 $16) 47... Qh1) 47. Bxa5 Bg7 48. Qd8+ Kc6 49. Qc8+ Kd6 50. Qc7+ Kd5 51. Qd7+ Kc4 52. Qb5+ Kd5 53. Qb7+ Kd6 54. Bc7+ Ke7 55. Be5+ Kf8 56. Qxg7+ Qxg7 57. Bxg7+ Kxg7 58. a5 1-0

[Event "Fagernes Open 2021"]
[Site "Fagernes"]
[Date "2021.10.10"]
[Round "1.17"]
[White "Evensen, Per-Erik"]
[Black "Ostensen, Nicolai Maxime"]
[Result "0-1"]
[ECO "E14"]
[WhiteElo "1442"]
[BlackElo "1768"]
[Annotator "NA"]
[PlyCount "116"]
[EventDate "2021.10.10"]
[EventCountry "NOR"]
[SourceTitle "playchess.com"]
[Source "ChessBase"]
[SourceQuality "1"]
[TimeControl "40/5400+30:1800+30"]

1. d4 Nf6 2. c4 e6 3. Nf3 d5 4. e3 Be7 5. Nc3 O-O 6. Be2 b6 7. O-O Bb7 8. b3 Nbd7 9. Bb2 Rc8 10. Rc1 Re8 11. cxd5 exd5 12. Re1 c6 13. Bf1 Bd6 14. g3 a5 15. Bg2 b5 16. a3 Qe7 17. Ra1 Nb6 18. Nh4 Qd8 19. Rc1 Ra8 20. Qc2 a4 21. b4 Rc8 22. Nf3 Re7 23. Nd2 h6 24. Rcd1 Qd7 25. e4 dxe4 26. Ncxe4 Nxe4 27. Rxe4 Rce8 28. Rde1 Ba8 29. Rxe7 Rxe7 30. Rxe7 Bxe7 31. Ne4 Nc4 32. Nd2 Nxb2 33. Qxb2 Bf6 34. Qc2 Qxd4 35. Nf1 Qc3 36. Qxc3 Bxc3 37. Ne3 Bb2 38. Nc2 Kf8 39. Kf1 Ke7 40. Ke2 Kd6 41. Kd3 Bb7 42. h3 Bc8 43. g4 Be6 44. f4 Bb3 45. Be4 Bc1 46. f5 Bxc2+ 47. Kxc2 Bxa3 48. h4 Bxb4 49. g5 hxg5 50. hxg5 c5 51. Bf3 Ba5 52. Bh5 Ke7 53. Bf3 b4 54. Bd5 f6 55. gxf6+ Kxf6 56. Be4 Ke5 57. Bd3 Kd4 58. Kd2 b3+ 0-1

[Event "Fagernes Open 2021"]
[Site "Fagernes"]
[Date "2021.10.10"]
[Round "1.18"]
[White "Lystad, Maximilian L"]
[Black "Gasland, Lukas Dominik"]
[Result "1/2-1/2"]
[ECO "A11"]
[WhiteElo "1767"]
[BlackElo "1413"]
[Annotator "NA"]
[PlyCount "147"]
[EventDate "2021.10.10"]
[EventCountry "NOR"]
[SourceTitle "playchess.com"]
[Source "ChessBase"]
[SourceQuality "1"]
[TimeControl "40/5400+30:1800+30"]

1. c4 c6 2. g3 Nf6 3. Bg2 d5 4. Nf3 g6 5. b3 Bg7 6. Bb2 O-O 7. O-O Nbd7 8. d3 dxc4 9. bxc4 Ne8 10. Bxg7 Nxg7 11. Nc3 f5 12. d4 Nf6 13. c5 Be6 14. Ne5 Nd5 15. Nxd5 Bxd5 16. Bxd5+ Qxd5 17. Qb3 Qxb3 18. axb3 Ne6 19. e3 Nc7 20. Kg2 Nb5 21. h4 Kg7 22. h5 Nc3 23. Rh1 Ne4 24. Rh4 g5 25. h6+ Kf6 26. Nd7+ Kf7 27. Rxe4 fxe4 28. Nxf8 Kxf8 29. Kh3 Kf7 30. f3 exf3 31. Rf1 Kg6 32. Rxf3 Kxh6 33. Rf7 Re8 34. Rf5 Kg6 35. Re5 e6 36. g4 Kf6 37. Re4 Re7 38. Kg3 h6 39. Kf3 Rh7 40. b4 a6 41. Kg2 h5 42. gxh5 Rxh5 43. Rg4 Rh4 44. Rg3 Kf5 45. Rf3+ Ke4 46. Rf7 Kxe3 47. Rxb7 Kxd4 48. Rc7 Kd5 49. Rd7+ Ke5 50. Rd6 Rxb4 51. Rxc6 Rc4 52. Rxa6 Rxc5 53. Kg3 Kf5 54. Ra3 Rc4 55. Ra8 Rc3+ 56. Kf2 e5 57. Rf8+ Ke4 58. Rg8 Rc2+ 59. Kg3 Ke3 60. Rxg5 e4 61. Ra5 Ke2 62. Ra3 e3 63. Kg2 Kd1+ 64. Kf3 e2 65. Ra1+ Kd2 66. Kf2 Rb2 67. Re1 Kd3 68. Kf3 Rb8 69. Ra1 Rf8+ 70. Kg2 Rc8 71. Kf2 Rf8+ 72. Kg2 Rf1 73. Rxf1 exf1=Q+ 74. Kxf1 1/2-1/2